 Dungeon Crawl Stone Soup version 0.31-a0-819-gf6de2f5ab6 (webtiles) character file.

Game seed: 2400662602478369582

49 quinnr the Stinger (level 3, -2/19 HPs)
             Began as a Tengu Venom Mage on Sept 24, 2023.
             Slain by a gnoll
             ... wielding a +0 club
              (7 damage)
             ... on level 1 of the Dungeon.
             The game lasted 00:04:21 (1990 turns).

quinnr the Stinger (Tengu Venom Mage)               Turns: 1990, Time: 00:04:22

Health: -2/19      AC:  2    Str:  8    XL:     3   Next: 77%
Magic:  4/8        EV: 12    Int: 23    God:
Gold:   43         SH:  0    Dex: 14    Spells: 1/7 levels left

rFire   . . .        (no weapon)
rCold   . . .        (no shield)
rNeg    . . .        a - +0 robe
rPois   .            (helmet restricted)
rElec   .            (no cloak)
rCorr   .            (no gloves)
SInv    .            (boots unavailable)
Will    .....        (no amulet)
Stlth   +            I - +6 ring of intelligence
HPRegen 0.23/turn    (no ring)
MPRegen 0.11/turn

%: acrobat
@: silenced
A: beak, talons 3, acrobatic
a: no special abilities


You were on level 1 of the Dungeon.
You visited 1 branch of the dungeon, and saw 2 of its levels.

You collected 43 gold pieces.


Innate Abilities, Weirdness & Mutations

You have a beak for a mouth.
You have claws for feet.
You can magically evade attacks while moving or waiting.


   Skills:
 - Level 2.1 Dodging
 - Level 2.0 Stealth
 + Level 2.6 Spellcasting
 - Level 1.0 Conjurations
 - Level 0.7 Transmutations
 - Level 1.0 Air Magic
 + Level 3.9 Poison Magic


You had one spell level left.
You knew the following spells:

 Your Spells              Type           Power      Damage    Failure   Level
m - Mephitic Cloud        Conj/Pois/Air  12%        N/A       16%         3
p - Poisonous Vapours     Pois/Air       28%        N/A       7%          2
z - Sting                 Tmut/Pois      52%        1d5       4%          1

Your spell library contained the following spells:

 Spells                   Type           Power      Damage    Failure   Level
 Apportation              Tloc           6%         N/A       12%         1
 Jinxbite                 Hex            6%         N/A       19%         2
 Olgreb's Toxic Radiance  Pois           21%        N/A       24%         4
 Alistair's Intoxication  Tmut/Pois      8%         N/A       78%         5

Inventory:

Missiles
 c - 3 curare-tipped darts {=f}
 i - 3 javelins
Armour
 a - a +0 robe (worn)
Jewellery
 I - a +6 ring of intelligence (left hand)
Scrolls
 e - a scroll of fear {unknown}
 f - a scroll of identify {@r1}
 h - a scroll of enchant weapon {unknown}
Potions
 b - a potion of magic
 g - a potion of enlightenment

Dungeon Overview and Level Annotations

Branches:
Dungeon (2/15)

Altars:

Annotations:
D:2 Jessica

.░....# #.#
##.####............. .░░...#
#.###...###.############
░.....# #.##..#..##.#
#....... ░.....#
#....###.##.#####.######
.░░...####.##..............#
..░........#..#####....#####
.░.######>...#.....#....##
.░░# ##..#.......#....# ░..#
#..#...g@....#...# ░..#
##..#.......#....# .░░#
##..#.....#....## ..░#
##..#####....## .░.#
##.......#.## .░░#
######....# ░..# #..####
░..# ####.## .░░# #....#


You could see a gnoll (poisoned).


Message History

Aiming: Sting (safe; 4% risk of failure)
Press: ? - help, Shift-Dir - straight line, f/p - gnoll
Aim: a gnoll, wielding a +0 club (moderately wounded, poisoned, 75% to hit)
The sting hits the gnoll but does no damage.
The gnoll looks even sicker.
The gnoll is moderately wounded.
The gnoll hits you with a +0 club!
* * * LOW HITPOINT WARNING * * *
Unknown command.
Okay, then.
As you read the scroll labelled SEOMIAG BECI, it crumbles to dust.
It is a scroll of identify.
g - a potion of enlightenment The gnoll hits you with a +0 club.
* * * LOW HITPOINT WARNING * * *
Your magical contamination has completely faded away.
There is a staircase leading out of the dungeon here.
Okay, then.
As you read the scroll labelled YLEOGURCHEN, it crumbles to dust.
A profound silence engulfs you.
It was a scroll of silence.
The gnoll closely misses you.
Unknown command.
Unknown command.
You hit the gnoll but do no damage. Your kick misses the gnoll.
The gnoll is heavily wounded.
The gnoll misses you.
You hit the gnoll but do no damage.
The gnoll is severely wounded.
The gnoll hits you with a +0 club!
You die...

Skill      XL: |  1  2  3 |
---------------+----------+-----
Air Magic      | 1 |  1.0
Conjurations   | 1 |  1.0
Dodging        | |  2.1
Stealth        | |  2.0
Spellcasting   | |  2.6
Transmutations | |  0.7
Poison Magic   | |  3.9

Action                     || total
---------------------------++-------
  Melee: Unarmed           ||    17
         Peck              ||     5
   Cast: Sting             ||    56
         Poisonous Vapours ||    12
    Use: Scroll            ||     2
 Armour: Robe              ||    15
  Dodge: Dodged            ||    24

Levels and vault maps discovered:
D:1:      scummos_arrival_hexagon, layout_basic, nicolae_eternal_life,
          minmay_misc_feat_tiny
D:2:      layout_basic, basic_altar, hellmonk_ecumenical_altar_defaced_shrine,
          uniq_robin, uniq_jessica

Notes
Turn   | Place    | Note
-------+----------+-------------------------------------------
     0 | D:1      | quinnr the Tengu Venom Mage began the quest for the Orb.
     0 | D:1      | Reached XP level 1. HP: 10/10 MP: 4/4
   271 | D:1      | Reached XP level 2. HP: 15/15 MP: 1/6
   326 | D:1      | Learned a level 2 spell: Poisonous Vapours
   769 | D:1      | Reached skill level 1 in Air Magic
  1159 | D:1      | Reached XP level 3. HP: 19/19 MP: 4/7
  1604 | D:2      | Learned a level 3 spell: Mephitic Cloud
  1647 | D:2      | Noticed Robin
  1677 | D:2      | Killed Robin
  1880 | D:2      | Reached skill level 1 in Conjurations
  1924 | D:2      | Noticed Jessica
  1990 | D:1      | Slain by a gnoll

Vanquished Creatures
  Robin (D:2)
  4 ball pythons
  4 endoplasms (D:1)
  2 giant cockroaches (D:2)
  7 hobgoblins
  4 kobolds
  A quokka (D:1)
  2 frilled lizards (D:1)
  5 goblins
  3 rats (D:1)
33 creatures vanquished.

Table legend: (Time is in decaauts)
 A = Elapsed time spent in this place.
 B = Non-inter-level travel time spent in this place.
 C = Inter-level travel time spent in this place.
 D = Time resting spent in this place.
 E = Time spent auto-exploring this place.
 F = Levels seen in this place.
 G = Mean time per level.
                   A        B        C        D        E       F      G
               +--------+--------+--------+--------+--------+-----+--------+
         Total |   1991 |   1948 |     43 |     55 |   1535 |   2 |  995.5 |
       Dungeon |   1991 |   1948 |     43 |     55 |   1535 |   2 |  995.5 |
               +--------+--------+--------+--------+--------+-----+--------+

Top non-repeatable levels by time:
     D:1: 1561 daAuts
     D:2: 430 daAuts

Table legend:
 A = Non-vault XP
 B = Vault XP
 C = Vault XP percentage of total XP
 D = Non-vault monster count
 E = Vault monster count
 F = Vault count percentage of total count
                 A         B        C        D         E       F
            +---------+---------+-------+---------+---------+-------
      Total |      46 |      25 |  35.2 |      27 |       6 |  18.2
            +---------+---------+-------+---------+---------+-------
        D:1 |      37 |       0 |   0.0 |      22 |       0 |   0.0
        D:2 |       9 |      25 |  73.5 |       5 |       6 |  54.5
            +---------+---------+-------+---------+---------+-------

Levels and vault maps discovered:
D:1:      scummos_arrival_hexagon, layout_basic, nicolae_eternal_life,
          minmay_misc_feat_tiny
D:2:      layout_basic, basic_altar, hellmonk_ecumenical_altar_defaced_shrine,
          uniq_robin, uniq_jessica
